 Dungeon Crawl Stone Soup version 0.31.0-9-g3a7656b989 (webtiles) character file.

Game seed: 9139952466854943217

191135 puimuR the Warrior (level 17, -3/161 HPs)
             Began as an Armataur Ice Elementalist on Feb 4, 2024.
             Was an Elder of the Shining One.
             Slain by an ironbound convoker
             ... wielding a +0 great mace
              (6 damage)
             ... on level 2 of the Vaults.
             The game lasted 03:12:47 (26198 turns).

puimuR the Warrior (Armataur Ice Elementalist)     Turns: 26198, Time: 03:12:47

Health: -3/161     AC: 34    Str: 20    XL:     17   Next: 33%
Magic:  24/26      EV:  7    Int: 15    God:    the Shining One [****..]
Gold:   249        SH: 18    Dex: 13    Spells: 6/24 levels left

rFire   + . .        k - +2 flail (protect)
rCold   . . .        r - +2 kite shield {rF+}
rNeg    + + .        n - +0 troll leather armour
rPois   +            q - +2 helmet
rElec   .            u - +0 cloak
rCorr   .            v - +1 pair of gloves {infuse}
SInv    .            S - +2 barding {Fly}
Will    +....        c - amulet of reflection
Stlth   +            K - +4 ring of protection
HPRegen 3.21/turn    m - ring of poison resistance
MPRegen 1.19/turn

%: reflection, roll, infuse magic (1 MP)
@: ice-armoured, under a protective aura, flying, glowing
A: large, deformed body, tough skin 3, armoured tail, roll 2
}: 1/15 runes: serpentine
a: Renounce Religion, Divine Shield, Cleansing Flame


You were on level 2 of the Vaults.
You worshipped the Shining One.
The Shining One was greatly pleased with you.
You visited 5 branches of the dungeon, and saw 28 of its levels.

You collected 2217 gold pieces.
You spent 1968 gold pieces at shops.

Inventory:

Hand Weapons
 a - a +2 morningstar
 k - a +2 flail of protection (weapon)
 p - a +1 great mace of holy wrath
 s - the +8 great mace of Hepliaklqana's Hope {flame, rElec}
   (You took it off an ogre on level 6 of the Dungeon)

   rElec:     It insulates you from electricity.
 y - a +1 demon whip of venom
 O - a +0 broad axe
 T - a +3 trident
Missiles
 o - 2 darts of dispersal (quivered)
 F - 27 poisoned darts
 I - 8 javelins
 Z - 6 silver javelins
Armour
 n - a +0 troll leather armour (worn)
 q - a +2 helmet (worn)
 r - a +2 kite shield of fire resistance (worn)
 u - a +0 cloak (worn)
 v - a +1 pair of gloves of infusion (worn)
 w - a +2 kite shield of cold resistance
 S - a +2 barding of flying (worn)
Jewellery
 c - an amulet of reflection (around neck)
 m - a ring of poison resistance (right hand)
 z - a ring of protection from fire
 C - a +5 ring of evasion
 E - a ring of wizardry
 K - a +4 ring of protection (left hand)
 M - a ring of flight
Wands
 b - a wand of quicksilver (5)
 f - a wand of roots (20)
 t - a wand of mindburst (1)
 A - a wand of flame (38)
 L - a wand of digging (1)
Scrolls
 d - 7 scrolls of vulnerability
 e - a scroll of silence
 g - 3 scrolls of enchant weapon
 h - a scroll of acquirement
 i - a scroll of identify
 H - 2 scrolls of immolation
 U - 2 scrolls of poison
 V - 2 scrolls of fog
Potions
 j - 4 potions of lignification
 l - 2 potions of might
 x - 7 potions of ambrosia
 B - 5 potions of mutation
 D - 4 potions of brilliance
 J - a potion of enlightenment {unknown}
 N - 4 potions of invisibility {unknown}
 P - a potion of berserk rage {unknown}
 Q - 2 potions of curing
 X - 3 potions of attraction {unknown}
Miscellaneous
 W - a phantom mirror (inert)


   Skills:
 + Level 17.2 Fighting
 - Level 15.6 Maces & Flails
 - Level 4.4 Armour
 - Level 3.1 Dodging
 - Level 2.1 Stealth
 - Level 10.0 Shields
 - Level 4.3 Spellcasting
 - Level 4.7 Summonings
 - Level 4.1 Translocations
 - Level 6.7 Ice Magic
 - Level 13.2 Invocations
 - Level 3.1 Evocations


You had 6 spell levels left.
You knew the following spells:

 Your Spells              Type           Power      Damage    Failure   Level
a - Freeze                Ice            92%        1d9       2%          1
b - Ozocubu's Armour      Ice            23%        N/A       8%          3
c - Summon Ice Beast      Ice/Summ       20%        N/A       11%         3
d - Frozen Ramparts       Ice            46%        1d7       8%          3
e - Vhi's Electric Charg  Tloc/Air       18%        N/A       86%         4
f - Sting                 Conj/Alch      12%        1d3       36%         1
g - Gell's Gravitas       Tloc           15%        N/A       22%         3

Your spell library contained the following spells:

 Spells                   Type           Power      Damage    Failure   Level
 Call Imp                 Summ           34%        N/A       9%          2
 Ensorcelled Hibernation  Hex/Ice        26%        N/A       14%         2
 Teleport Other           Tloc           15%        N/A       22%         3
 Hailstorm                Conj/Ice       13%        3d6       28%         3
 Mercury Vapours          Alch/Air       6%         N/A       50%         2
 Scorch                   Fire           6%         2d5       50%         2
 Sublimation of Blood     Necr           3%         N/A       50%         2
 Passage of Golubria      Tloc           15%        N/A       56%         4
 Passwall                 Erth           3%         N/A       75%         3
 Swiftness                Air            3%         N/A       75%         3
 Tukima's Dance           Hex            3%         N/A       75%         3
 Metabolic Englaciation   Hex/Ice        6%         N/A       95%         5
 Anguish                  Hex/Necr       1%         N/A       98%         4
 Cause Fear               Hex            1%         N/A       98%         4
 Flame Wave               Conj/Fire      3%         2d5       98%         4
 Ignite Poison            Fire/Alch      3%         N/A       98%         4
 Olgreb's Toxic Radiance  Alch           3%         N/A       98%         4
 Sticky Flame             Fire/Alch      3%         2d4       98%         4
 Arcjolt                  Conj/Air       1%         1d11      100%        5
 Yara's Violent Unravell  Hex/Alch       1%         3d3       100%        5
 Dispersal                Tloc           7%         N/A       100%        6
 Sculpt Simulacrum        Ice/Alch       6%         N/A       100%        6
 Summon Cactus Giant      Summ           8%         N/A       100%        6
 Enfeeble                 Hex            1%         N/A       100%        7
 Ozocubu's Refrigeration  Ice            11%        4d10      100%        7
 Summon Hydra             Summ           8%         N/A       100%        7
 Discord                  Hex            1%         N/A       100%        8
 Ignition                 Fire           1%         3d3       100%        8
 Maxwell's Capacitive Co  Air            1%         ∞         100%        8


Dungeon Overview and Level Annotations

Branches:
Dungeon (15/15)            Temple (0/1) D:4            Lair (5/5) D:9
  Swamp (0/4) Lair:2        Snake (4/4) Lair:2        Slime (0/5) Lair:4
    Orc (2/2) D:10            Elf (0/3) Orc:2        Vaults (2/5) D:14
  Crypt: Vaults:2-3  Depths: D:15

Altars:
Ashenzari
Fedhas
Makhleb
Ru
Sif Muna
Vehumet
Wu Jian
Xom
Yredelemnul
Zin
The Shining One
Jiyva

Shops:
D:5 =   D:13 *   Orc:2 (=([   Snake:1 (*   Snake:2 !   Snake:3 !   Snake:4 ?

Annotations:
D:2 Terence
D:10 exclusion: 2 downstairs
D:11 exclusion: downstairs, Fannar
D:14 Kirke
Lair:2 1 runed translucent door, exclusion: oklob plant, beef's ghost, novice DrSh
Snake:2 Louise
Snake:4 exclusion: upstairs
Vaults:1 Boris; Saint Roka


Innate Abilities, Weirdness & Mutations

Armour fits poorly on your strangely shaped body.
You have extremely tough skin. (AC +3)
You have a long armoured tail.
You regenerate magic and health when rolling toward enemies. (Rampage Regen)


Message History

You hit the vault warden but do no damage.
You tail-slap the vault warden, but do no damage.
The vault warden is heavily wounded.
The wall freezes the yaktaur but does no damage.
You block the yaktaur's attack.
The wall freezes the deep troll but does no damage.
The wall freezes the ironbound convoker.
Casting: Ozocubu's Armour (mildly dangerous; 8% risk of failure)
Confirm with . or Enter, or press ? or * to list all spells.
A chill wind blows around you.
The wall freezes the vault warden but does no damage.
The vault warden hits you with a +1 long sword!!!
The wall freezes the yaktaur but does no damage.
The yaktaur hits you but does no damage.
The wall freezes the deep troll.
The wall freezes the ironbound convoker.
You thump the yaktaur!
You kill the yaktaur!
The frozen ramparts melt away.
The vault warden hits you with a +1 long sword!!!
* * * LOW HITPOINT WARNING * * *
Unknown command.
Okay, then.
You feel much better. You block the vault warden's attack.
The ironbound convoker hits you with a +0 great mace!
* * * LOW HITPOINT WARNING * * *
Unknown command.
Unknown command.
Okay, then.
Unknown command.
Aiming: Phantom Mirror
Press: ? - help, Dir - move target, f - ironbound convoker
Aim: an ironbound convoker, wielding a +0 great mace and wearing a +0 scale mail (moderately wounded, haloed)
You reflect the ironbound convoker with the mirror!
The mirror clouds!
The vault warden hits you with a +1 long sword!!!
* * * LOW HITPOINT WARNING * * *
Your ironbound convoker hits the deep troll but does no damage.
The ironbound convoker hits you with a +0 great mace.
You die...

##########################
.......ppY................
......pTp@................
.......T###########.......
........# #.......
........# #.......
........# #.......
.....$.p#.#p... #.......
##......'.+.p.. #.......
#####..#.#. .. #.......
#..# ### #.......


You could see an ironbound preserver, a vault warden (strong, ally target), 2
deep trolls, an ironbound convoker, a friendly ironbound convoker (summoned,
drained) and a friendly ice beast (summoned).

Vanquished Creatures
  A sphinx (Vaults:1)
  Gastronok (D:8)
  A quicksilver dragon (Snake:4)
  Frances (D:14)
  2 vault wardens
  3 nagarajas (Snake:4)
  An ironbound preserver (Vaults:1)
  An orc warlord (Vaults:1)
  An ironbound thunderhulk (Vaults:1)
  A dire elephant (Vaults:1)
  2 yaktaur captains
  2 centaur warriors
  A hydra (Lair:3)
  A ghost crab (Lair:2)
  7 anacondas
  3 salamander tyrants (Snake:4)
  4 ogre magi (Orc:2)
  2 catoblepae
  2 ironbound frosthearts (Vaults:1)
  2 boulder beetles
  20 two-headed ogres
  8 naga warriors
  A tengu warrior (D:15)
  3 shock serpents
  8 naga sharpshooters
  Sonja (Orc:1)
  An orc high priest (Vaults:1)
  Amaemon (Lair:2)
  4 deep trolls (Vaults:1)
  A sea snake (Snake:1)
  4 naga ritualists
  7 mana vipers
  An arcanist (D:14)
  Pikel (D:8)
  3 deep elf pyromancers
  2 ironbound convokers (Vaults:1)
  An orc sorcerer (Vaults:1)
  A necromancer (D:14)
  3 orc knights
  5 harpies (Vaults:2)
  A wolf spider (Lair:5)
  3 salamanders (Snake:4)
  8 ugly things
  3 cyclopes
  41 black mambas
  19 elephants
  3 guardian serpents
  A vault sentinel (Vaults:1)
  10 naga magi
  The ghost of kalagan the Conjurer, a novice DECj of Sif Muna (D:6)
  A gargoyle (D:12)
  10 cane toads
  A cane toad (shapeshifter) (D:15)
  An orange demon (Lair:2)
  4 rime drakes
  An unseen horror (D:10)
  A kobold demonologist (D:14)
  A tengu conjurer (D:10)
  3 yaktaurs
  8 komodo dragons
  8 trolls
  3 polar bears
  A queen bee (Lair:3)
  2 blink frogs (Lair:1)
  A hornet (Lair:5)
  4 dream sheep (Lair:4)
  10 slime creatures (D:14)
  Sigmund (D:4)
  3 vampires
  2 shadows
  2 wraiths
  32 yaks
  3 steam dragons
  4 basilisks
  A yak (shapeshifter) (D:13)
  A redback (Lair:5)
  6 hogs (D:14)
  3 wargs
  11 wyverns
  Menkaure (D:4)
  33 nagas
  Edmund (D:4)
  3 spectral cane toads (Lair:2)
  An acid dragon (D:12)
  22 water moccasins
  3 ice beasts
  14 orc warriors
  A black bear (Lair:2)
  25 ogres
  10 wolves
  8 centaurs
  2 lemures (D:8)
  3 kobold brigands
  7 bullfrogs
  5 gnoll sergeants
  6 wights
  22 killer bees
  A bombardier beetle (D:5)
  9 howler monkeys
  2 electric eels (Snake:2)
  4 lava snakes (Lair:2)
  3 hounds
  6 orc priests
  6 orc wizards
  A gnoll bouda (D:5)
  2 iguanas
  Natasha (twice) (D:2)
  A sleepcap (D:6)
  A centaur simulacrum (D:9)
  Robin (D:3)
  12 gnolls
  6 adders
  A white imp (D:7)
  4 ufetubi
  6 ribbon worms
  2 dart slugs
  43 orcs
  5 bats
  10 endoplasms
  A giant cockroach (D:4)
  5 hobgoblins
  7 jackals
  20 kobolds
  11 quokkas
  6 ball pythons
  A frilled lizard (D:2)
  16 goblins
  9 rats
705 creatures vanquished.

Vanquished Creatures (collateral kills)
  Mara (Snake:4)
  Vashnia (Snake:4)
  A sphinx (Vaults:2)
  Nessos (Lair:3)
  A catoblepas (Lair:5)
  A salamander tyrant (Snake:4)
  An anaconda (Snake:3)
  A centaur warrior (D:10)
  2 two-headed ogres
  2 naga warriors (Snake:4)
  4 naga sharpshooters (Snake:4)
  2 shock serpents
  A sea snake (Snake:2)
  A salamander mystic (Snake:4)
  3 naga ritualists
  2 mana vipers (Snake:1)
  An ugly thing (D:13)
  A manticore (D:12)
  4 salamanders
  Maurice (D:8)
  A naga mage (Snake:4)
  5 black mambas
  A kobold blastminer (Orc:2)
  A vault sentinel (Vaults:1)
  2 elephants
  A guardian serpent (Snake:4)
  A cane toad (Lair:5)
  A yaktaur (Vaults:1)
  A kobold demonologist (D:14)
  3 komodo dragons
  A troll (D:10)
  A polar bear (D:9)
  A hornet (Lair:5)
  A blink frog (Lair:1)
  3 slime creatures
  A wyvern (Lair:5)
  14 yaks
  An unseen horror simulacrum (D:9)
  A basilisk (Lair:5)
  A steam dragon (D:9)
  3 nagas (Snake:3)
  3 water moccasins
  An orc warrior (Orc:1)
  A black bear (D:8)
  2 ogres
  2 wolves
  A lemure (D:8)
  Blork the orc (D:4)
  2 bullfrogs
  2 wights (D:9)
  3 killer bees (Lair:3)
  A hound (D:5)
  A jelly (D:5)
  An orc priest (Orc:1)
  A gnoll bouda (D:8)
  4 orc wizards
  A centaur simulacrum (D:9)
  5 gnolls
  An adder (D:6)
  4 white imps
  An ufetubus (D:5)
  10 orcs
  A giant cockroach (D:4)
  A kobold (D:7)
127 creatures vanquished.

Vanquished Creatures (others)
  An orc wizard (Orc:1)
  An iguana (D:6)
2 creatures vanquished.

Grand Total: 834 creatures vanquished

Notes
Turn   | Place    | Note
-------+----------+-------------------------------------------
     0 | D:1      | puimuR the Armataur Ice Elementalist began the quest for
                  | the Orb.
     0 | D:1      | Reached XP level 1. HP: 14/14 MP: 3/3
   237 | D:1      | Reached XP level 2. HP: 20/20 MP: 4/4
   713 | D:2      | Reached XP level 3. HP: 15/26 MP: 5/5
   870 | D:2      | Noticed Terence
   953 | D:3      | Learned a level 3 spell: Ozocubu's Armour
  1089 | D:3      | Found a faded altar of an unknown god.
  1258 | D:3      | Reached skill level 5 in Ice Magic
  1353 | D:4      | Reached XP level 4. HP: 33/33 MP: 4/6
  1427 | D:3      | Noticed Robin
  1449 | D:3      | Killed Robin
  1570 | D:3      | You fall into a shaft and drop 2 floors!
  1570 | D:5      | Entered Level 5 of the Dungeon
  1586 | D:5      | Found Duiwutoc's Jewellery Shoppe.
  1639 | D:5      | Found a basalt altar of Yredelemnul.
  1827 | D:4      | Noticed Menkaure
  1949 | D:2      | Noticed Natasha
  1961 | D:2      | Killed Natasha
  1962 | D:2      | Reached XP level 5. HP: 33/38 MP: 4/7
  2032 | D:2      | Noticed Natasha
  2046 | D:2      | Killed Natasha
  2047 | D:2      | Reached skill level 1 in Fighting
  2080 | D:1      | Learned a level 3 spell: Summon Ice Beast
  2523 | D:3      | Found a shimmering blue altar of Sif Muna.
  2526 | D:3      | Found a radiant altar of Vehumet.
  2608 | D:4      | Noticed Blork the orc
  2665 | D:4      | Found a sacrificial altar of Ru.
  2709 | D:4      | Reached skill level 1 in Summonings
  2776 | D:4      | Reached XP level 6. HP: 42/47 MP: 9/9
  2836 | D:4      | Found a glowing golden altar of the Shining One.
  2856 | D:4      | Became a worshipper of the Shining One
  2954 | D:5      | Noticed an ice beast
  3070 | D:4      | Noticed Edmund
  3227 | D:4      | Found a staircase to the Ecumenical Temple.
  3253 | D:4      | Noticed Sigmund
  3265 | D:4      | Killed Sigmund
  3298 | D:4      | Found a shimmering altar of Xom.
  3385 | D:4      | Learned a level 3 spell: Frozen Ramparts
  3440 | D:4      | Killed Blork the orc
  3537 | D:4      | Killed Edmund
  3538 | D:4      | Gained mutation: You regenerate magic and health when
                  | rolling toward enemies. (Rampage Regen) [Armataur growth]
  3538 | D:4      | Reached XP level 7. HP: 38/52 MP: 6/12
  3653 | D:4      | Killed Menkaure
  3654 | D:4      | Reached skill level 2 in Fighting
  3654 | D:4      | Reached skill level 1 in Maces & Flails
  4124 | D:5      | Reached skill level 3 in Fighting
  4146 | D:5      | Reached XP level 8. HP: 47/63 MP: 13/13
  4428 | D:6      | Reached skill level 4 in Fighting
  4595 | D:6      | Reached * piety under the Shining One
  4609 | D:6      | Reached skill level 1 in Evocations
  4638 | D:6      | Learned a level 3 spell: Gell's Gravitas
  4751 | D:6      | Learned a level 1 spell: Sting
  4759 | D:6      | Found a glowing silver altar of Zin.
  4856 | D:7      | Reached skill level 5 in Maces & Flails
  4945 | D:6      | Found a blossoming altar of Fedhas.
  5008 | D:6      | Noticed kalagan's ghost (novice DECj)
  5008 | D:6      | Identified the +8 great mace of Hepliaklqana's Hope {flame,
                  | rElec}
  5010 | D:6      | Found a transporter.
  5014 | D:6      | Found a transporter.
  5168 | D:8      | Noticed Maurice
  5186 | D:7      | Noticed a troll
  5491 | D:7      | Killed a troll
  5492 | D:7      | Reached XP level 9. HP: 50/71 MP: 2/14
  5701 | D:7      | Found an ornate altar of the Wu Jian Council.
  5728 | D:7      | Reached skill level 1 in Translocations
  6107 | D:8      | Maurice stole 8 poisoned darts
  6110 | D:8      | Maurice stole 244 gold
  6113 | D:8      | Maurice stole a serpent talisman
  6406 | D:8      | Killed Maurice
  6407 | D:8      | Reached skill level 5 in Invocations
  6535 | D:9      | Noticed a polar bear
  6592 | D:8      | Reached XP level 10. HP: 60/79 MP: 4/15
  6729 | D:8      | Noticed Gastronok
  6771 | D:8      | Noticed Pikel
  6775 | D:8      | Killed Gastronok
  6782 | D:8      | Killed Pikel
  6897 | D:8      | Found a broken altar of Ashenzari.
  6987 | D:8      | Reached ** piety under the Shining One
  7196 | D:9      | Reached skill level 10 in Maces & Flails
  7219 | D:9      | Found a burning altar of Makhleb.
  7251 | D:10     | Entered Level 10 of the Dungeon
  7343 | D:9      | Noticed a two-headed ogre
  7371 | D:9      | Killed a two-headed ogre
  7372 | D:9      | Reached skill level 5 in Fighting
  7521 | D:9      | Reached XP level 11. HP: 88/88 MP: 7/16
  7760 | D:9      | Found a staircase to the Lair.
  7871 | D:9      | Reached skill level 6 in Fighting
  7990 | D:11     | Noticed a two-headed ogre
  8000 | D:11     | Killed a two-headed ogre
  8232 | D:12     | Noticed a two-headed ogre
  8235 | D:12     | Noticed a brown ugly thing
  8328 | D:11     | Noticed Fannar
  8328 | D:11     | Reached *** piety under the Shining One
  8462 | D:10     | Noticed a two-headed ogre
  8470 | D:10     | Killed a two-headed ogre
  8599 | D:10     | Reached skill level 1 in Armour
  8613 | D:10     | Noticed a centaur warrior
  8634 | D:10     | Killed a centaur warrior
  8635 | D:10     | Reached skill level 5 in Shields
  8913 | D:10     | Reached skill level 7 in Fighting
  9367 | D:5      | Bought a +4 ring of protection for 468 gold pieces
  9470 | D:6      | Killed kalagan's ghost
  9471 | D:6      | Reached XP level 12. HP: 96/101 MP: 9/17
 10070 | D:12     | Reached skill level 8 in Fighting
 10201 | D:13     | Learned a level 4 spell: Vhi's Electric Charge
 10444 | D:13     | Noticed a centaur warrior
 10446 | D:13     | Noticed a boulder beetle
 10580 | D:12     | Killed a two-headed ogre
 10581 | D:12     | Reached skill level 9 in Fighting
 10589 | D:12     | Identified the +4 short sword "Viacoeg" {freeze, rPois rC-
                  | Str+2 Int+2}
 11289 | D:10     | Found a staircase to the Orcish Mines.
 11297 | Orc:1    | Entered Level 1 of the Orcish Mines
 11297 | Orc:1    | Noticed a two-headed ogre
 11301 | Orc:1    | Noticed Sonja
 11311 | D:10     | Killed a two-headed ogre
 11545 | Orc:1    | Killed Sonja
 11731 | Orc:2    | Entered Level 2 of the Orcish Mines
 11742 | Orc:2    | Noticed a two-headed ogre
 11757 | Orc:2    | Killed a two-headed ogre
 11862 | Orc:2    | Noticed a two-headed ogre
 11873 | Orc:2    | Killed a two-headed ogre
 11874 | Orc:2    | Reached skill level 10 in Fighting
 11907 | Orc:2    | Noticed a two-headed ogre
 11915 | Orc:2    | Noticed an ogre mage
 11925 | Orc:1    | Killed a two-headed ogre
 12030 | Lair:1   | Entered Level 1 of the Lair of Beasts
 12190 | Lair:2   | Reached XP level 13. HP: 113/113 MP: 12/19
 12321 | Lair:2   | Reached **** piety under the Shining One
 12408 | Lair:2   | You fall into a shaft and drop 2 floors!
 12734 | Lair:2   | Noticed Amaemon
 12758 | Lair:2   | Killed Amaemon
 12843 | Lair:2   | Found a runed translucent door.
 12845 | Lair:2   | Noticed beef's ghost (novice DrSh)
 12854 | Lair:2   | Identified the +2 trident of Compassion {flame, *Corrode
                  | Fly rElec rPois}
 13038 | Lair:3   | Reached skill level 11 in Fighting
 13341 | Lair:4   | Reached ***** piety under the Shining One
 13482 | Lair:5   | Entered Level 5 of the Lair of Beasts
 13733 | Lair:5   | Reached XP level 14. HP: 103/124 MP: 12/20
 14097 | Lair:5   | Reached skill level 15 in Maces & Flails
 14215 | Lair:5   | Got an earthy gem with 1719 turns to spare
 14870 | Lair:4   | Found a staircase to the Slime Pits.
 14871 | Lair:4   | Found a viscous altar of Jiyva.
 14998 | Lair:3   | Noticed Nessos
 15007 | Lair:3   | Killed Nessos
 15792 | Orc:1    | You fall into a shaft and drop 1 floor!
 16025 | Orc:2    | Found Arail's Antique Armour Boutique.
 16025 | Orc:2    | Found Ilaifivuo's Jewellery Shoppe.
 16026 | Orc:2    | Found Tomuor's Antique Weapon Shoppe.
 16026 | Orc:2    | Found Unurium's Antique Weapon Shop.
 16273 | Orc:2    | Reached skill level 10 in Invocations
 16289 | Orc:2    | Bought a faintly glowing mace for 232 gold pieces
 16289 | Orc:2    | Identified the +5 mace of Ytid {vamp, Str+8 Int-3 Dex+4
                  | Stlth-} (You bought it in a shop on level 2 of the Orcish
                  | Mines)
 16291 | Orc:2    | Bought a pair of glowing gloves for 217 gold pieces
 16304 | Orc:2    | Paralysed by something for 5 turns
 16328 | Orc:2    | Found a staircase to the Elven Halls.
 16752 | Orc:2    | Bought a ring of protection from fire for 375 gold pieces
 16906 | D:5      | Bought a +5 ring of evasion for 468 gold pieces
 17356 | Lair:2   | Reached XP level 15. HP: 121/132 MP: 19/22
 17421 | Lair:2   | Found a staircase to the Swamp.
 17555 | Lair:2   | Found a staircase to the Snake Pit.
 17577 | Snake:1  | Entered Level 1 of the Snake Pit
 18087 | Snake:1  | Found Roqajo's Weapon Boutique.
 18104 | Snake:1  | Found Diuppeyn's General Store.
 18237 | Snake:2  | Found Zipt's Distillery.
 18240 | Snake:2  | Bought a potion of haste for 140 gold pieces
 18807 | Snake:2  | Noticed Louise
 19050 | Snake:4  | Entered Level 4 of the Snake Pit
 19254 | Snake:3  | Reached ****** piety under the Shining One
 20099 | Snake:4  | Noticed a nagaraja
 20099 | Snake:4  | Noticed a nagaraja
 20140 | Snake:4  | Killed a nagaraja
 20156 | Snake:4  | Killed a nagaraja
 20157 | Snake:4  | Reached skill level 10 in Shields
 20314 | Snake:4  | Reached skill level 12 in Fighting
 20440 | Snake:4  | Reached XP level 16. HP: 118/139 MP: 2/25
 20576 | Snake:4  | Noticed Vashnia
 20617 | Snake:4  | Killed Vashnia
 20773 | Snake:4  | Reached skill level 13 in Fighting
 20954 | Snake:4  | Noticed a quicksilver dragon
 20990 | Snake:4  | Found Iptatar's Magic Scroll Boutique.
 20992 | Snake:4  | Bought a scroll of fear for 68 gold pieces
 21115 | Snake:4  | Noticed Mara
 21731 | Snake:3  | Reached skill level 14 in Fighting
 21783 | Snake:4  | Killed a quicksilver dragon
 22048 | Snake:4  | Got a serpentine rune of Zot
 22363 | Snake:4  | Killed Mara
 22483 | Snake:1  | Reached skill level 15 in Fighting
 23050 | D:15     | Entered Level 15 of the Dungeon
 23366 | D:14     | Identified a scroll of acquirement
 23420 | D:14     | Identified the +3 short sword "Kuosasoutui" {antimagic,
                  | rElec rCorr}
 23944 | D:13     | Found Qabaa's Assorted Antiques.
 24231 | D:14     | Found a gate to the Vaults.
 24237 | Vaults:1 | Entered Level 1 of the Vaults
 24269 | Vaults:1 | Noticed Boris
 24289 | D:14     | Noticed Frances
 24301 | D:14     | Killed Frances
 24302 | D:14     | Reached skill level 16 in Fighting
 24370 | D:14     | Noticed Kirke
 24795 | Vaults:1 | Noticed a sphinx
 24807 | Vaults:1 | Killed a sphinx
 24808 | Vaults:1 | Reached XP level 17. HP: 105/158 MP: 12/26
 25724 | Vaults:1 | Paralysed by an orc sorcerer for 5 turns
 25739 | Vaults:1 | Noticed Saint Roka
 25795 | Vaults:2 | Reached skill level 17 in Fighting
 25995 | Vaults:2 | Noticed a sphinx
 26013 | Vaults:2 | Killed a sphinx
 26198 | Vaults:2 | HP: 3/161 [vault warden/+1 long sword (38)]
 26198 | Vaults:2 | Slain by an ironbound convoker

Illustrated notes

Levels and vault maps discovered:
D:1:      shiori_arrival_maze, layout_basic
D:2:      kennysheep_the_goblin_king, layout_loops_ring, uniq_terence,
          uniq_natasha
D:3:      layout_rooms, jmf_multi_god_temple2,
          shapermc_ecumenical_altar_starsandcircs, serial_curves,
          eino_curves_01, eino_curves_02, eino_curves_02, eino_curves_04,
          uniq_robin
D:4:      layout_basic, overflow_temple_1_default, mainiacjoe_overflow_catwalk,
          mainiacjoe_overflow_surrounded_room, temple_statues, uniq_edmund,
          uniq_menkaure, uniq_blork_the_orc, uniq_sigmund
D:5:      layout_basic, yredelemnul_altar_generic, gup_sewer_entry_spiral,
          serial_shops, shop, grunt_decor_one_mirror, nicolae_eternal_life
D:6:      layout_loops_ring, amcnicky_altar_gilded,
          nicolae_overflow_crystal_walls, gammafunk_ghost_smash
D:7:      layout_basic, mainiacjoe_overflow_boulevard
D:8:      layout_rooms, evilmike_ruin_ashenzari, chei_slow_surprise,
          uniq_maurice, uniq_gastronok, uniq_pikel
D:9:      layout_cave_pools, bloody_makhleb, david_lair_shrubbed, serial_ice,
          serial_ice_l, serial_ice_g, serial_ice_b, serial_ice_n, serial_ice_m,
          serial_ice_d, serial_ice_c
D:10:     minmay_curly_fans, layout_irregular_city,
          kennysheep_orc_monster_closet_entryway
D:11:     layout_small_grid, serial_rivers, chequers_serial_rivers_micro_b,
          chequers_serial_rivers_marsh, chequers_serial_rivers_room_b,
          chequers_serial_rivers_micro_b, chequers_serial_rivers_small_3,
          kennysheep_generic_room_16, uniq_fannar
D:12:     layout_cave_pools
D:13:     layout_basic, serial_shops, nicolae_shop_crystal
D:14:     layout_basic, david_vaults_1, serial_bayou_pond_d, uniq_kirke,
          uniq_frances
D:15:     grunt_enter_depths_snipers, layout_basic, serial_rivers,
          chequers_serial_rivers_large_a, chequers_serial_rivers_small_3,
          chequers_serial_rivers_marsh, chequers_serial_rivers_micro_a,
          roderic_cross_of_infinity
Lair:1:   layout_roguey
Lair:2:   layout_chaotic_city, nicolae_swamp_entry_spooky,
          nicolae_snake_entry_warm_welcome, ebering_ghost_funeral_grove,
          grunt_megastairs_1, uniq_amaemon
Lair:3:   layout_hall_layers, special_room [special_room_bee], uniq_nessos
Lair:4:   layout_regular_city, slime_entry_1, nicolae_lair_lindhole
Lair:5:   hangedman_lair_tendril_chambers, layout_layer_cave
Snake:1:  layout_chambers, serial_bayou_pond_c, minmay_shoptagon
Snake:2:  layout_chambers, basic_altar, nicolae_stop_n_shop_2,
          nicolae_snake_horde_hoard, grunt_megastairs_2, serial_bayou_shore_a,
          uniq_louise, uniq_agnes, uniq_aizul
Snake:3:  layout_basic
Snake:4:  hellmonk_snake_rune_quicksilver_temple, layout_onion, serial_shops,
          nicolae_shop_pleasant_corner_grove, uniq_mara, uniq_vashnia
Orc:1:    layout_diamond_mine, uniq_sonja
Orc:2:    st_orc_ogre_mass, layout_caves, nicolae_volcano_entry_s_turn
Vaults:1: ontoclasm_vaults_eye, grunt_vaults_swirl,
          nicolae_vaults_offset_grid_hallway_3, vaults_mumra_hex,
          nicolae_vaults_network_quinsquares
          [nicolae_vaults_network_quincunx_subvault,
          nicolae_vaults_network_quincunx_subvault,
          nicolae_vaults_network_quincunx_subvault,
          nicolae_vaults_network_quincunx_subvault], nicolae_vaults_spaceships,
          nicolae_vaults_wrenched, nicolae_vaults_variable_pillar_hall,
          v_misc_17, nicolae_vaults_diamond_1, v_alt_pattern_1,
          nicolae_vaults_trapezoid_4, nicolae_vaults_you_can_take_it_with_you,
          nicolae_vaults_double_plus_1, layout_vaults_omnicross, serial_shops,
          nicolae_shop_hallway_plus, uniq_boris, uniq_saint_roka
Vaults:2: v_misc_18, vaults_dpeg_ring, minmay_crypt_entry_simple_statues,
          nicolae_vaults_weapon_check, nicolae_vaults_offset_grid_hallway_2,
          v_misc_14, v_alt_pattern_5, v_misc_15, nicolae_vaults_wine_cellar,
          layout_vaults_omnigrid, serial_shops, nicolae_shop_just_a_little_nook

Skill      XL: |  1  2  3  4  5  6  7  8  9 10 11 12 13 14 15 16 17 |
---------------+----------------------------------------------------+-----
Ice Magic      | 4 5 6 |  6.7
Fighting       | 1 3 4 5 7 10 11 12 16 17 | 17.2
Spellcasting   | 2 3 4 |  4.3
Summonings     | 1 3 4 |  4.7
Maces & Flails | 2 6 7 10 11 13 14 15 | 15.6
Evocations     | 3 |  3.1
Translocations | 4 |  4.1
Invocations    | 5 10 13 | 13.2
Shields        | 5 10 | 10.0
Armour         | 4 |  4.4
Dodging        | 3 |  3.1
Stealth        | |  2.1

Action                     |  1- 3 |  4- 6 |  7- 9 | 10-12 | 13-15 | 16-18 || total
---------------------------+-------+-------+-------+-------+-------+-------++-------
  Melee: Short sword       |   100 |       |       |       |       |       ||   100
         Tailslap          |    12 |    14 |    39 |   152 |   408 |   208 ||   833
         Flail             |    15 |       |   199 |   658 |  1573 |   797 ||  3242
         Long sword        |       |   128 |       |       |       |       ||   128
         Punch             |       |     2 |     5 |     5 |       |       ||    12
  Throw: Stone             |       |     3 |     1 |       |       |       ||     4
         Throwing net      |       |       |     1 |     2 |     2 |     1 ||     6
         Dart              |       |       |     2 |     7 |     6 |    20 ||    35
   Cast: Freeze            |    29 |    31 |       |       |       |       ||    60
         Ozocubu's Armour  |       |     3 |    19 |    56 |    68 |    18 ||   164
         Summon Ice Beast  |       |     8 |    34 |    87 |    72 |    31 ||   232
         Frozen Ramparts   |       |       |     9 |    28 |    57 |    19 ||   113
 Invoke: Divine Shield     |       |       |       |    10 |     4 |     9 ||    23
         Summon Divine War |       |       |       |       |     2 |     4 ||     6
  Evoke: Wand              |       |     9 |     2 |    14 |    17 |     5 ||    47
         Phantom mirror    |       |       |       |       |       |     2 ||     2
    Use: Potion            |     1 |     4 |       |     2 |     7 |    10 ||    24
         Scroll            |       |     6 |     1 |     7 |    11 |     9 ||    34
   Stab: Sleeping          |     3 |     4 |       |       |       |       ||     7
 Armour: Robe              |    13 |   214 |   194 |    54 |       |       ||   475
         Ring mail         |    90 |    20 |       |       |       |       ||   110
         Skin              |       |     5 |       |       |       |       ||     5
         Steam dragon scal |       |       |       |    72 |       |       ||    72
         Troll leather arm |       |       |       |   328 |  1264 |   562 ||  2154
  Dodge: Dodged            |    53 |   160 |    91 |   220 |   509 |   111 ||  1144
  Block: Other             |       |       |       |     8 |       |       ||     8
         Buckler           |       |       |       |   279 |   773 |       ||  1052
         Reflection        |       |       |       |    13 |    34 |    74 ||   121
         Kite shield       |       |       |       |       |    97 |   752 ||   849
